Map: Thunderbird LE

Players

GOReynor (Reynor)

  • Race: Zerg Zerg
  • League: Master
  • Spawn Location: 11:00

llllllllllll (Stats) - Winner!

  • Race: Protoss Protoss
  • League: Master
  • Spawn Location: 5:00

Event: 2019 Assembly Summer

VOD

Have the link to the VOD?

Description

Time

  • Played on: Aug. 2, 2019, 10:50 a.m.
  • Length: 15:22

All games in this series

Show
View Real Time Build Order
Export as new Build Order

GOReynor Zerg 

Build Orders: Hatch First 

Get SALT Encoding   

  12  0:00  Drone  
  13  0:12  Overlord  
  13  0:16  Drone  
  14  0:30  Drone x2  
  16  0:49  Hatchery  
  15  0:52  Drone  
  15  0:55  Drone  
  17  0:59  Drone  
  18  1:10  Extractor  
  17  1:14  Spawning Pool  
  17  1:17  Drone  
  17  1:21  Drone  
  18  1:28  Drone  
  19  1:38  Drone  
  20  1:49  Overlord  
  20  2:01  Queen x2, Zergling x4  
  26  2:11  Drone x2  
  28  2:22  Drone  
  29  2:23  Drone  
  30  2:31  Hatchery  
  30  2:33  Drone  
  30  2:34  Drone  
  31  2:40  Metabolic Boost  
  31  2:46  Drone  
  31  2:47  Overlord  
  32  2:53  Queen  
  32  2:55  Drone  
  32  2:58  Drone  
  37  3:05  Drone x2  
  38  3:12  Overlord  
  38  3:13  Zergling x4  
  38  3:16  Drone  
  38  3:19  Drone  
  42  3:22  Queen  
  44  3:27  Overlord  
  44  3:31  Drone  
  44  3:34  Queen  
  45  3:37  Drone  
  45  3:40  Drone x3  
  51  3:42  Overlord  
  51  3:47  Spore Crawler, Drone x2  
  52  3:49  Drone  
  52  3:51  Zergling x2  
  52  3:55  Spore Crawler, Drone  
  53  3:58  Drone  
  53  3:59  Drone  
  53  4:02  Spore Crawler  
  55  4:05  Drone x2  
  55  4:08  Zergling x2  
  58  4:12  Overlord  
  58  4:13  Drone x2  
  58  4:15  Drone  
  61  4:17  Overlord  
  61  4:19  Drone  
  61  4:24  Overlord  
  62  4:25  Zergling x4  
  62  4:27  Drone  
  62  4:29  Queen  
  67  4:36  Overlord  
  67  4:37  Drone x2  
  68  4:41  Drone  
  68  4:44  Lair  
  69  4:46  Drone x3  
  69  4:48  Overlord  
  69  4:49  Drone  
  73  4:56  Drone x2  
  73  4:59  Drone  
  70  5:04  Drone  
  70  5:06  Extractor x2  
  69  5:07  Drone  
  69  5:11  Drone x3  
  69  5:14  Extractor x2  
  72  5:15  Drone x2, Evolution Chamber  
  72  5:18  Drone  
  72  5:21  Drone  
  74  5:26  Overlord  
  74  5:28  Hatchery  
  71  5:31  Drone x2  
  71  5:32  Roach Warren  
  62  5:36  Drone x2  
  62  5:37  Drone x2  
  62  5:40  Zerg Missile Weapons Level 1  
  62  5:41  Drone  
  67  5:43  Overlord  
  67  5:44  Drone x3  
  70  5:50  Drone x3  
  70  5:55  Overlord x2  
  72  6:07  Drone  
  73  6:12  Roach x10  
  93  6:19  Glial Reconstitution, Roach x3, Zergling x2  
  93  6:25  Overlord  
  100  6:26  Roach  
  102  6:34  Ravager x3  
  102  6:35  Zergling x6  
  102  6:38  Ravager, Queen  
  102  6:39  Queen  
  107  6:41  Zergling x2  
  107  6:42  Zergling x2  
  107  6:47  Ravager x2, Zergling x10  
  110  6:48  Zergling x4  
  110  6:53  Roach x2, Zergling x2  
  118  6:58  Queen, Zergling x6  
  117  7:01  Ravager  
  117  7:02  Zergling x6  
  117  7:07  Baneling Nest, Zergling x2  
  120  7:08  Roach  
  120  7:11  Zergling x2  
  120  7:14  Roach x2  
  116  7:18  Zergling x6  
  116  7:21  Zergling x2  
  118  7:25  Drone  
  118  7:26  Roach  
  121  7:30  Roach x2  
  121  7:33  Roach  
  121  7:34  Roach  
  121  7:36  Zerg Melee Weapons Level 1  
  129  7:39  Drone x2  
  129  7:43  Overlord  
  131  7:44  Drone  
  131  7:50  Centrifical Hooks  
  131  7:51  Drone x2  
  131  7:54  Drone x3  
  131  7:55  Drone x2  
  133  8:00  Overlord  
  133  8:02  Zergling x8  
  133  8:04  Drone x3  
  137  8:08  Zergling x4  
  137  8:09  Ravager x2  
  137  8:11  Zergling x4  
  137  8:12  Zergling x2  
  144  8:13  Overseer  
  144  8:17  Overlord x2  
  144  8:20  Overlord  
  144  8:26  Overlord x3  
  144  8:29  Roach x2, Zergling x8  
  152  8:35  Zergling x2  
  152  8:36  Baneling x18  
  152  8:40  Ravager x2, Zergling x2  
  152  8:41  Zergling x10  
  161  8:42  Baneling x4  
  161  8:43  Zergling x2  
  161  8:44  Zergling x2  
  165  8:48  Roach x2  
  165  8:50  Roach x2  
  165  8:52  Zergling x4  
  172  8:56  Roach x2, Zergling x2  
  172  8:58  Roach  
  172  9:02  Baneling x5  
  179  9:03  Zergling x6  
  179  9:04  Zergling x2  
  179  9:07  Roach x2  
  184  9:14  Roach x2, Zergling x6  
  163  9:21  Zergling x4  
  147  9:26  Zergling x4  
  147  9:27  Zergling x2  
  147  9:29  Roach, Zergling x4  
  135  9:35  Queen  
  135  9:36  Zergling x6  
  132  9:44  Zerg Melee Weapons Level 2, Drone x2  
  130  9:47  Drone x2  
  130  9:51  Drone  
  133  9:55  Spore Crawler, Drone x2  
  133  9:58  Drone, Queen  
  137  10:01  Infestation Pit  
  137  10:02  Drone  
  137  10:04  Drone  
  137  10:06  Drone x3  
  141  10:08  Spore Crawler, Drone  
  141  10:09  Drone, Extractor  
  141  10:11  Drone  
  142  10:14  Baneling x7  
  142  10:15  Hatchery, Drone  
  142  10:17  Drone x2  
  142  10:20  Drone x2  
  146  10:24  Drone  
  147  10:29  Zergling x2  
  147  10:31  Zergling x4  
  146  10:37  Baneling x5  
  146  10:38  Baneling x3  
  146  10:39  Roach, Zergling x8  
  146  10:40  Hive  
  146  10:42  Spire, Zergling x2  
  152  10:45  Zergling x14  
  152  10:47  Zergling x2  
  160  10:51  Baneling  
  160  10:52  Baneling x3  
  160  10:55  Extractor  
  160  10:56  Zergling x6  
  161  11:01  Zergling x4  
  161  11:02  Baneling  
  161  11:03  Baneling x8  
  162  11:04  Zergling x6  
  162  11:09  Zergling x2  
  162  11:10  Zergling x4  
  167  11:14  Zergling x16  
  167  11:16  Baneling x8  
  167  11:17  Baneling  
  176  11:18  Zergling x8  
  176  11:24  Zergling x2  
  180  11:26  Zergling x2  
  180  11:27  Baneling x4  
  180  11:28  Zergling x2  
  180  11:30  Zergling x2  
  181  11:33  Baneling x9  
  181  11:36  Zergling x6  
  183  11:40  Zergling x6  
  183  11:42  Zergling x6  
  183  11:45  Zergling x2  
  183  11:46  Zergling x6  
  193  11:49  Zergling x4  
  193  11:53  Zergling x2  
  193  11:54  Zergling x6  
  199  11:56  Greater Spire  
  199  12:01  Adrenal Glands  
  199  12:02  Zerg Melee Weapons Level 3  
  199  12:07  Zergling x2  
  200  12:09  Extractor  
  193  12:23  Spore Crawler, Zergling x2  
  193  12:24  Zergling x16  
  196  12:45  Baneling  
  196  12:46  Baneling x11  
  189  12:56  Zergling x2  
  189  12:57  Zergling x26  
  161  12:59  Zergling x16  
  160  13:07  Zergling x8  
  160  13:08  Zergling x2  
  160  13:12  Queen, Zergling x4  
  147  13:18  Zergling x2  
  139  13:21  Roach x3  
  139  13:22  Zerg Flyer Weapons Level 1  
  139  13:24  Baneling x4  
  139  13:25  Baneling x6  
  139  13:28  Corruptor  
  139  13:30  Corruptor  
  139  13:31  Corruptor x3  
  145  13:39  Zergling x6  
  126  13:42  Zergling x6  
  126  13:43  Corruptor  
  126  13:44  Zergling x10  
  134  13:54  Hatchery  
  133  13:59  Brood Lord  
  133  14:07  Brood Lord x4  
  138  14:10  Infestor x4  
  146  14:18  Brood Lord  
  146  14:20  Drone x2  
  146  14:22  Zergling x18  
  146  14:23  Spore Crawler x2  
  154  14:28  Corruptor x2  
  154  14:38  Ravager  
  154  14:39  Ravager x2  
  155  14:59  Baneling x3  
  159  15:00  Hatchery, Baneling  
  159  15:06  Overseer  
Show
View Real Time Build Order
Export as new Build Order

llllllllllll Protoss - Winner!

Build Orders: 1 Gate Expand, Oracle Opening, Phoenix Opening, Archon Immortal 

Get SALT Encoding   

  12  0:00  Probe  
  13  0:12  Probe  
  14  0:19  Pylon  
  14  0:25  Probe  
  14  0:27  Assimilator  
  15  0:33  Probe  
  15  0:41  Probe  
  16  0:46  Gateway  
  17  0:51  Probe  
  18  1:04  Probe  
  19  1:16  Probe  
  20  1:22  Nexus  
  20  1:33  Cybernetics Core  
  20  1:34  Probe  
  21  1:41  Assimilator  
  21  1:46  Probe  
  22  1:50  Pylon  
  22  1:59  Probe, Adept  
  23  2:11  Probe  
  23  2:14  Stargate  
  26  2:21  Warp Gate  
  26  2:23  Probe  
  26  2:29  Adept  
  29  2:30  Probe  
  29  2:31  Probe  
  31  2:38  Probe  
  31  2:39  Probe  
  33  2:49  Probe x2  
  34  2:54  Phoenix  
  35  3:01  Probe x2  
  35  3:04  Pylon  
  39  3:10  Oracle  
  39  3:13  Probe x2  
  39  3:18  Gateway  
  44  3:25  Probe x2  
  46  3:29  Assimilator  
  46  3:31  Assimilator  
  46  3:37  Probe x2  
  46  3:40  Oracle, Pylon  
  51  3:49  Probe  
  51  3:50  Probe  
  53  3:56  Robotics Facility  
  53  3:58  Pylon  
  53  4:01  Probe  
  53  4:02  Probe  
  55  4:14  Probe  
  55  4:15  Probe  
  57  4:18  Oracle, Adept  
  57  4:19  Pylon  
  57  4:21  Adept  
  64  4:24  Pylon  
  64  4:33  Immortal  
  64  4:43  Sentry x2  
  72  4:51  Nexus  
  72  4:53  Pylon  
  72  5:03  Probe x2  
  70  5:08  Sentry x2  
  70  5:12  Pylon  
  74  5:15  Observer  
  77  5:21  Probe x2  
  77  5:25  Warp Prism  
  76  5:33  Probe x2  
  75  5:36  Sentry x2  
  81  5:45  Forge, Probe x2, Twilight Council  
  81  5:46  Gateway  
  81  5:48  Gateway  
  81  5:49  Gateway  
  83  5:50  Gateway  
  83  5:54  Probe x2  
  83  6:02  Probe  
  83  6:03  Probe  
  85  6:04  Stalker  
  85  6:05  Stalker  
  85  6:07  Probe  
  92  6:14  Probe x2  
  92  6:18  Pylon  
  94  6:19  Probe  
  94  6:33  Stalker x2  
  94  6:36  Probe x2  
  94  6:37  Probe  
  101  6:47  Stalker x2  
  101  6:48  Stalker x2  
  109  6:55  Charge  
  109  7:01  Immortal, Stalker x2  
  107  7:07  Protoss Ground Weapons Level 1  
  97  7:26  Probe x2  
  97  7:27  Zealot x6, Probe  
  108  7:30  Assimilator  
  108  7:32  Assimilator  
  108  7:33  Immortal, Photon Cannon  
  108  7:36  Robotics Facility  
  106  7:38  Shield Battery  
  106  7:41  Pylon  
  106  7:43  Photon Cannon x2  
  108  7:46  Pylon  
  108  7:50  Zealot x2  
  108  7:51  Zealot x4  
  120  7:58  Templar Archives  
  120  8:02  Immortal  
  124  8:15  Psionic Storm  
  124  8:17  Nexus  
  124  8:18  Immortal  
  124  8:19  Pylon  
  128  8:34  High Templar x2  
  128  8:35  High Templar  
  128  8:38  Gateway  
  128  8:41  Gateway  
  134  8:42  Pylon  
  134  8:45  Shield Battery  
  134  8:46  Immortal  
  138  8:49  High Templar  
  140  8:56  Zealot x2  
  140  9:01  Immortal  
  148  9:17  Zealot x3  
  135  9:22  Zealot x3  
  133  9:27  Immortal  
  125  9:32  Probe x2  
  119  9:39  Immortal  
  119  9:42  Probe x2, Protoss Ground Weapons Level 2  
  119  9:44  Zealot x3, Probe  
  119  9:45  Zealot  
  130  9:50  High Templar x4  
  138  9:58  Archon x2  
  138  10:04  Immortal  
  138  10:08  Warp Prism, Assimilator  
  138  10:10  Assimilator  
  142  10:17  Zealot  
  142  10:19  Blink, Photon Cannon  
  146  10:23  Probe x4  
  146  10:26  High Templar x2  
  152  10:35  Archon  
  152  10:39  Zealot x6  
  164  10:42  Pylon  
  164  10:43  Pylon  
  164  10:44  Pylon  
  164  10:45  Pylon  
  164  10:47  Photon Cannon  
  164  10:49  Gateway  
  164  10:53  Observer  
  164  10:54  Observer  
  164  11:03  High Templar x2  
  168  11:07  Archon  
  168  11:09  High Templar x2  
  168  11:11  Gateway  
  172  11:12  Archon  
  172  11:13  Zealot x2, Gateway  
  172  11:14  Zealot x2  
  180  11:36  Fleet Beacon  
  180  11:38  Stargate  
  180  11:41  Nexus, Stargate, Protoss Air Weapons Level 1  
  180  11:42  Pylon  
  180  11:47  Pylon  
  180  11:56  Zealot x4  
  188  12:09  Pylon  
  188  12:10  Mothership  
  186  12:16  Tempest x2  
  186  12:19  Shield Battery  
  186  12:21  Shield Battery  
  186  12:22  Photon Cannon  
  182  12:24  Photon Cannon  
  182  12:26  Photon Cannon  
  196  12:30  Assimilator  
  196  12:31  Tempest  
  196  12:33  Assimilator  
  198  12:48  Zealot  
  165  12:59  Probe x2  
  165  13:00  Zealot x7, Probe x2  
  170  13:07  Archon  
  170  13:10  Zealot x2  
  170  13:11  Probe  
  170  13:12  Probe x2  
  155  13:18  Probe  
  153  13:23  Probe  
  153  13:25  Probe x2  
  154  13:31  Probe  
  149  13:34  High Templar x3  
  149  13:35  High Templar x2  
  149  13:36  Probe  
  149  13:37  Probe  
  147  13:44  High Templar x4  
  147  13:45  Archon x2  
  155  13:49  Probe x3  
  155  13:50  Probe  
  159  13:59  Assimilator  
  159  14:00  Probe  
  160  14:04  Photon Cannon  
  160  14:05  Probe  
  160  14:08  Zealot x2  
  161  14:11  Probe x2  
  161  14:15  Probe x2  
  165  14:20  High Templar x4  
  171  14:24  Archon x2  
  171  14:26  High Templar x2  
  171  14:43  Archon  
  171  14:47  Zealot x3  
  159  15:11  Zealot x6  
  159  15:12  Zealot x3  
Tags
 
Add a new tag
Caveats
  • Supply blocks, unpowered buildings, or Contaminate may cause inaccurate times.
  • Supply counts are checked every 10 seconds.